 Dungeon Crawl Stone Soup version 0.30-a0-715-gdb4ae3ece1 (webtiles) character file.

Game seed: 10976770803095182101

53 funkygono the Firebug (level 3, -2/19 HPs)
             Began as a Gargoyle Fire Elementalist on Jan 23, 2023.
             Slain by a phantom (6 damage)
             ... on level 3 of the Dungeon.
             The game lasted 00:02:41 (1528 turns).

funkygono the Firebug (Gargoyle Fire Elementalist)  Turns: 1528, Time: 00:02:42

Health: -2/19      AC:  5    Str: 11    XL:     3   Next: 89%
Magic:  0/6        EV: 12    Int: 17    God:
Gold:   82         SH:  0    Dex: 16    Spells: 1/7 levels left

rFire   . . .      SeeInvis .    k - +0 whip
rCold   . . .      Faith    .    (no shield)
rNeg    + . .      Spirit   .    a - +0 robe
rPois   ∞          Reflect  .    (no helmet)
rElec   +          Harm     .    (no cloak)
rCorr   .          Rampage  .    (no gloves)
Will    .....                    (no boots)
Stlth   ++                       (no amulet)
HPRegen 0.23/turn                i - +6 ring of dexterity
MPRegen 0.10/turn                (no ring)

@: no status effects
A: sickness immunity, AC +3, negative energy resistance 1, electricity
resistance, torment resistance 1, petrification resistance
a: no special abilities


You were on level 3 of the Dungeon.
You visited 1 branch of the dungeon, and saw 3 of its levels.

You collected 82 gold pieces.

Inventory:

Hand Weapons
 k - a +0 whip (weapon)
Armour
 a - a +0 robe (worn)
 m - an orb of light
Jewellery
 e - an amulet of guardian spirit
 i - a +6 ring of dexterity (left hand)
Scrolls
 c - 2 scrolls of immolation {unknown}
 d - 2 scrolls of identify {unknown}
 h - a scroll of vulnerability {unknown}
 n - a scroll of poison {unknown}
Potions
 b - a potion of magic
 f - 2 potions of heal wounds {unknown}
 g - a potion of brilliance {unknown}
 j - 2 potions of mutation {unknown}
 l - a potion of lignification {unknown}


   Skills:
 + Level 1.8 Dodging
 - Level 2.1 Stealth
 + Level 2.6 Spellcasting
 + Level 1.9 Conjurations
 + Level 3.7 Fire Magic


You had one spell level left.
You knew the following spells:

 Your Spells              Type           Power      Damage    Failure   Level
a - Foxfire               Conj/Fire      44%        2x1d6     6%          1
b - Scorch                Fire           28%        2d6       6%          2
c - Kindle Blastsparks    Fire/Tloc/Air  12%        2d11      32%         3

Your spell library contained the following spells:

 Spells                   Type           Power      Damage    Failure   Level
 Inner Flame              Hex/Fire       8%         N/A       26%         3
 Ignite Poison            Fire/Tmut/Pois 6%         N/A       32%         3
 Flame Wave               Conj/Fire      11%        2d6       50%         4
 Freezing Cloud           Conj/Ice/Air   2%         6-21      98%         5


Dungeon Overview and Level Annotations

Branches:
Dungeon (3/15)

Altars:

Shops:
D:1 =


Innate Abilities, Weirdness & Mutations

You are immune to sickness and miasma.
Your stone body is resilient. (AC +3)
You are immune to poison.
You resist negative energy. (rN+)
You are resistant to electric shocks. (rElec)
You are resistant to unholy torment.
You are immune to petrification.


Message History

The phantom hits you but does no damage.
The phantom attacks as you move away! The phantom barely misses you.
The phantom is no longer more vulnerable to fire.
The phantom attacks as you move away! The phantom hits you.
The phantom attacks as you move away! The phantom hits you.
The phantom attacks as you move away! The phantom closely misses you.
The phantom attacks as you move away! The phantom hits you!
* * * LOW HITPOINT WARNING * * *
Casting: Scorch (safe; 6% risk of failure)
Confirm with . or Enter, or press ? or * to list all spells.
You conjure some foxfire!
The phantom hits you but does no damage.
Unknown command.
The foxfire hits the phantom.
The phantom is heavily damaged.
The foxfire hits the phantom but does no damage.
The phantom is heavily damaged.
You hit the phantom but do no damage.
The phantom is heavily damaged.
The phantom closely misses you.
You hit the phantom.
The phantom is heavily damaged.
The endoplasm freezes you.
You are frozen.
* * * LOW HITPOINT WARNING * * *
The phantom misses you.
You barely miss the phantom.
The phantom is heavily damaged.
The endoplasm hits you but does no damage.
The phantom hits you but does no damage.
You closely miss the phantom.
The phantom is heavily damaged.
The endoplasm hits you but does no damage.
The phantom hits you but does no damage.
Casting: Foxfire (safe; 6% risk of failure)
Confirm with . or Enter, or press ? or * to list all spells.
You conjure some foxfire!
The endoplasm hits you but does no damage.
The phantom hits you.
You die...

......#...# Z..
.......#...## #...
.......#.[..## ...#
.............### ... .
...............##### #.
............#..†...###..
............#.#..#.....
......v.J...#.#..#<#.##
......v@W#.##.(........
.........#.####..#.#####
.#######.#.J.J..........
# #######.########.######
#.#.#...................#
#.........#.##.#####J##.#
#......<#.#.##.#####.## #
#.#.#.....#.##.....[..# #
#.#####.##.###.###..#


You could see a phantom and an endoplasm (ally target).

Vanquished Creatures
  2 adders (D:2)
  A worm (D:2)
  A dart slug (D:1)
  4 endoplasms
  A goblin (D:1)
  2 hobgoblins
  3 jackals (D:2)
  3 kobolds
  4 ball pythons
  6 bats
  A frilled lizard (D:1)
  3 rats
31 creatures vanquished.

Vanquished Creatures (collateral kills)
  6 foxfires (D:2)
6 creatures vanquished.

Vanquished Creatures (others)
  90 foxfires
  A fungus (D:2)
  2 plants (D:2)
93 creatures vanquished.

Grand Total: 130 creatures vanquished

Notes
Turn   | Place    | Note
-------+----------+-------------------------------------------
     0 | D:1      | funkygono the Gargoyle Fire Elementalist began the quest
                  | for the Orb.
     0 | D:1      | Reached XP level 1. HP: 10/10 MP: 3/3
   186 | D:1      | Reached XP level 2. HP: 12/15 MP: 0/5
   189 | D:1      | Learned a level 2 spell: Scorch
   338 | D:1      | Found Zoje's Jewellery Emporium.
   804 | D:2      | Found a faded altar of an unknown god.
   978 | D:2      | Reached XP level 3. HP: 19/19 MP: 4/6
   982 | D:2      | Learned a level 3 spell: Kindle Blastsparks
  1505 | D:3      | Noticed a phantom
  1528 | D:3      | Slain by a phantom

Illustrated notes

Levels and vault maps discovered:
D:1:      spicycebolla_arrival_clurvy, layout_rooms, serial_shops, shop,
          st_stairs_6
D:2:      layout_basic, shapermc_ecumenical_altar_gd, nrook_campfire
D:3:      layout_basic, gammafunk_ghost_icy, minmay_checkerbox

Action                     || total
---------------------------++-------
  Melee: Whip              ||     4
   Cast: Foxfire           ||    56
         Scorch            ||     4
 Armour: Robe              ||    11
  Dodge: Dodged            ||    12

Table legend: (Time is in decaauts)
 A = Elapsed time spent in this place.
 B = Non-inter-level travel time spent in this place.
 C = Inter-level travel time spent in this place.
 D = Time resting spent in this place.
 E = Time spent auto-exploring this place.
 F = Levels seen in this place.
 G = Mean time per level.
                   A        B        C        D        E       F      G
               +--------+--------+--------+--------+--------+-----+--------+
         Total |   1526 |   1492 |     34 |     49 |   1182 |   3 |  508.7 |
       Dungeon |   1526 |   1492 |     34 |     49 |   1182 |   3 |  508.7 |
               +--------+--------+--------+--------+--------+-----+--------+

Top non-repeatable levels by time:
     D:2: 781 daAuts
     D:1: 632 daAuts
     D:3: 113 daAuts
